 Dungeon Crawl Stone Soup version 0.25-a0-62-g88673ef095 (webtiles) character file.

Game seed: 3462768181957437728, levelgen mode: deterministic

41486 Amnesiac the Unseen (level 13, -6/139 HPs)
             Began as a Vampire Berserker on Oct 29, 2019.
             Was the Champion of Trog.
             Mangled by a spiny frog (11 damage)
             ... on level 6 of the Lair of Beasts.
             The game lasted 00:54:54 (18765 turns).

Amnesiac the Unseen (Vampire Berserker)            Turns: 18765, Time: 00:54:55

Health: -6/139     AC: 17    Str: 25    XL:     13   Next: 80%
Magic:  16/16      EV: 17    Int:  9    God:    Trog [******]
Gold:   646        SH:  0    Dex: 15    Spells: 12/12 levels left

rFire    + . .     SeeInvis +   i - +1 short sword (elec)
rCold    . . .     Gourm    .   (no shield)
rNeg     . . .     Faith    .   S - +2 chain mail {MR+}
rPois    .         Spirit   .   h - +1 helmet
rElec    .         Reflect  .   u - scarf {repulsion}
rCorr    +         Harm     .   J - +0 pair of gloves
MR       ++++.                  c - +0 pair of boots
Stlth    ..........             k - amulet of regeneration
HPRegen  1.93/turn              x - ring of resist corrosion
MPRegen  0.15/turn              b - ring of protection from fire

@: berserking, lethally poisoned (-6 -> -6), regenerating, repel missiles, very
quick
A: no food, fangs 3, see invisible, unbreathing
a: Exsanguinate, Berserk, Trog's Hand, Brothers in Arms, Renounce Religion


You were on level 6 of the Lair of Beasts.
You worshipped Trog.
Trog was exalted by your worship.
You were alive.

You visited 4 branches of the dungeon, and saw 20 of its levels.
You also visited: Sewer and Bailey.

You collected 1102 gold pieces.
You spent 456 gold pieces at shops.

Inventory:

Hand Weapons
 i - a +1 short sword of electrocution (weapon)
Missiles
 e - 8 atropa-tipped darts
 q - 3 datura-tipped darts (quivered)
 C - 8 boomerangs of dispersal
 F - 47 boomerangs
 G - 7 curare-tipped darts
 N - 2 throwing nets
Armour
 c - a +0 pair of boots (worn)
 h - a +1 helmet (worn)
 u - a scarf of repulsion (worn)
 J - a +0 pair of gloves (worn)
 M - a +1 ring mail of cold resistance
 S - a +2 chain mail of magic resistance (worn)
Jewellery
 b - a ring of protection from fire (right hand)
 d - an uncursed ring of positive energy
 j - an uncursed amulet of rage
 k - an amulet of regeneration (around neck)
 x - a ring of resist corrosion (left hand)
Wands
 a - a wand of paralysis (9)
 p - a wand of flame (11)
 w - a wand of disintegration (42)
 z - a wand of random effects (23)
 I - a wand of iceblast (16)
 L - a wand of polymorph (5)
Scrolls
 m - 8 scrolls of teleportation {!r}
 o - 3 scrolls of enchant armour {!r}
 r - 5 scrolls of magic mapping {!r}
 s - 10 scrolls of remove curse {!r}
 y - 6 scrolls of blinking {!r}
 A - 2 scrolls of fear {!r}
 K - 8 scrolls of identify {!r}
 P - 3 scrolls of fog {!r}
 R - a scroll of torment {!r}
Potions
 f - a potion of lignification {!q}
 l - 2 potions of heal wounds {!q}
 n - 6 potions of haste {!q}
 t - 4 potions of mutation {!q}
 v - 3 potions of brilliance {!q}
 B - 3 potions of agility {!q}
 D - 3 potions of berserk rage {!q}
 H - 5 potions of curing {!q}
 Q - 2 potions of might {!q}
Miscellaneous
 O - a phantom mirror


   Skills:
 - Level 6.0 Fighting
 - Level 8.0 Short Blades
 - Level 8.0 Throwing
 - Level 8.0 Armour
 - Level 14.0 Dodging
 + Level 17.0 Stealth
 - Level 5.0 Evocations


You had 12 spell levels left.
You didn't know any spells.
Your spell library contained the following spells:

 Spells                   Type           Power        Failure   Level  Hunger
 Magic Dart               Conj           #...         92%         1    N/A
 Sting                    Conj/Pois      #...         92%         1    N/A
 Blink                    Tloc           N/A          98%         2    N/A
 Call Imp                 Summ           #.......     98%         2    N/A
 Poisonous Vapours        Pois/Air       #.....       98%         2    N/A
 Searing Ray              Conj           #.....       98%         2    N/A
 Slow                     Hex            #.......     98%         2    N/A
 Conjure Flame            Conj/Fire      #.......     100%        3    N/A
 Dazzling Spray           Conj/Hex       #.....       100%        3    N/A
 Mephitic Cloud           Conj/Pois/Air  #.......     100%        3    N/A
 Force Lance              Conj/Tloc      #.......     100%        4    N/A
 Fulminant Prism          Conj/Hex       #.........   100%        4    N/A
 Iskenderun's Mystic Bla  Conj           #.......     100%        4    N/A
 Olgreb's Toxic Radiance  Pois           #.......     100%        4    N/A
 Venom Bolt               Conj/Pois      #.........   100%        5    N/A

Dungeon Overview and Level Annotations

Branches:
Dungeon (12/15)            Temple (1/1) D:7            Lair (6/6) D:9
  Swamp (0/4) Lair:4       Spider (0/4) Lair:4        Slime (0/5) Lair:5
    Orc (1/2) D:10          Sewer (visited)          Bailey (visited)

Altars:
Ashenzari
Cheibriados
Dithmenos
Elyvilon
Fedhas
Gozag
Hepliaklqana
Kikubaaqudgha
Makhleb
Nemelex Xobeh
Okawaru
Qazlal
Ru
Sif Muna
Trog
Uskayaw
Vehumet
Wu Jian
Xom
Yredelemnul
Zin
The Shining One
Jiyva

Shops:
D:6 ?[[   D:8 (

Annotations:
D:9 1 exclusion
Lair:1 exclusion: 4 oklob plants


Innate Abilities, Weirdness & Mutations

You do not eat.
Your natural rate of healing is unusually fast.
You have razor-sharp teeth.
You have supernaturally acute eyesight. (SInv)
You can survive without breathing.


Message History

The spiny frog is lightly wounded.
You feel sick. The spiny frog stings you.
* * * LOW HITPOINT WARNING * * *
You hit the spiny frog.
The spiny frog is lightly wounded.
You feel sick.
The spiny frog stings you but does no damage.
You hit the spiny frog. You bite the spiny frog.
The spiny frog is moderately wounded.
You feel sick.
The spiny frog stings you but does no damage.
You closely miss the spiny frog.
The spiny frog is moderately wounded.
You feel sick. The spiny frog stings you!
* * * LOW HITPOINT WARNING * * *
You hit the spiny frog.
Lightning courses through the spiny frog!
The spiny frog is severely wounded.
You feel sick.
Your chain mail prevents you from hitting the spiny frog.
The spiny frog is severely wounded.
You feel sick. The spiny frog misses you.
You closely miss the spiny frog.
The spiny frog is severely wounded.
You feel sick. The spiny frog closely misses you.
You hit the spiny frog.
The spiny frog is severely wounded.
You feel sick.
The spiny frog stings you but does no damage.
Your chain mail prevents you from hitting the spiny frog.
The spiny frog is severely wounded.
You feel sick. The spiny frog closely misses you.
You barely miss the spiny frog. You bite the spiny frog.
The spiny frog is almost dead.
You feel sick. The spiny frog closely misses you.
You hit the spiny frog.
The spiny frog is almost dead.
You feel sick.
You closely miss the spiny frog.
The spiny frog is almost dead.
You feel sick.
The spiny frog stings you but does no damage.
You completely miss the spiny frog.
The spiny frog is almost dead.
You feel sick. The spiny frog barely misses you.
You barely miss the spiny frog.
The spiny frog is almost dead.
You feel sick.
The spiny frog stings you but does no damage.
You hit the spiny frog.
You kill the spiny frog!
Trog accepts your kill.
Your Stealth skill increases to level 17!
You feel sick.
Your skin crawls.
You feel resistant to hostile enchantments.
You feel sick. The spiny frog barely misses you.
You hit the spiny frog but do no damage.
You feel sick. The spiny frog stings you!
* * * LOW HITPOINT WARNING * * *
A red film seems to cover your vision as you go berserk!
You feel yourself moving faster!
You feel mighty!
You feel sick. The spiny frog stings you!
You die...

≈≈≈P≈≈≈≈≈...#...
.FFP≈≈≈≈..........
.≈.P.............
...F..y...(.....
......FFF.# P..#
........y####.P#
.#..##..#FF..##..##
#....####........P###
#....P.@#.F.........# #.
......†#F#...P......###.
#PP....###...........#..
#...... #.......##.###.
..##..# #.#.###.####...
. #P..###..#########.P.
.P....P...##...#.....
......................
..####....###.#..#..


You could see a spiny frog.

Vanquished Creatures
  The ghost of tasslehoff345 the Basher, a journeyman DsGl of Okawaru (Lair:3)
  Snorg (D:10)
  Erolcha (D:10)
  4 hydras
  A centaur warrior (D:10)
  A queen ant (Lair:3)
  2 two-headed ogres
  An unseen horror (D:12)
  Pikel (D:7)
  A lindwurm (Lair:4)
  An orc knight (Bailey)
  A manticore (D:11)
  6 elephants
  3 black mambas
  A torpor snail (Lair:5)
  A gargoyle (D:11)
  6 spiny frogs
  8 komodo dragons
  A troll (D:11)
  A polar bear (Lair:5)
  2 tyrant leeches (Lair:4)
  Prince Ribbit (D:7)
  Grinder (D:6)
  12 blink frogs
  4 hippogriffs
  Sigmund (D:5)
  2 dream sheep (D:12)
  Eustachio (D:5)
  A basilisk (Lair:2)
  A wyvern (D:12)
  27 yaks
  A vampire mosquito (Lair:6)
  Edmund (D:6)
  2 wargs (D:9)
  13 soldier ants (Lair:3)
  9 porcupines
  12 water moccasins
  2 swamp worms (Lair:4)
  Duvessa (D:5)
  9 orc warriors
  2 black bears
  2 ice beasts
  3 phantoms
  2 sky beasts
  4 slaves (D:7)
  11 ogres
  A necrophage (D:11)
  17 centaurs
  11 crocodiles
  3 big kobolds (D:12)
  A gnoll sergeant (D:9)
  18 bullfrogs
  Dowan (D:5)
  4 scorpions
  3 killer bees (D:8)
  11 wights
  A howler monkey (D:9)
  2 bullfrog zombies
  4 crimson imps
  3 quasits
  2 centaur zombies
  11 orc priests
  9 hounds
  Crazy Yiuf (D:7)
  2 centaur skeletons
  2 bullfrog skeletons
  5 iguanas
  Natasha (thrice) (D:3)
  13 orc wizards
  29 worker ants
  A hound zombie (D:9)
  A hound skeleton (D:11)
  A howler monkey zombie (D:10)
  A worker ant zombie (D:10)
  11 adders
  13 gnolls
  2 shadow imps
  4 oozes
  An adder zombie (D:5)
  3 adder skeletons
  3 worms
  2 dart slugs
  4 leopard geckos
  43 orcs
  3 bats (D:1)
  A bat zombie (D:3)
  4 giant cockroaches
  9 goblins
  4 hobgoblins
  6 jackals
  18 kobolds
  3 quokkas (D:2)
  4 ball pythons
  A ball python skeleton (D:4)
  5 frilled lizards
  A goblin skeleton (D:9)
  4 goblin zombies (D:9)
  2 hobgoblin zombies (D:9)
  A jackal skeleton (D:8)
  3 kobold zombies (D:9)
  A leopard gecko zombie (D:8)
  2 orc skeletons (D:9)
  A quokka skeleton (D:7)
  A quokka zombie (D:9)
  6 rats
  A rat zombie (D:3)
  2 butterflies (Lair:2)
500 creatures vanquished.

Vanquished Creatures (collateral kills)
  A death yak (Lair:5)
  2 elephants (Lair:4)
  A wyvern (Lair:4)
  A soldier ant (Lair:3)
  4 worker ants (Lair:3)
9 creatures vanquished.

Vanquished Creatures (others)
  An elephant (Lair:4)
  A soldier ant (Lair:3)
  2 fungi (Lair:5)
  3 plants
7 creatures vanquished.

Grand Total: 516 creatures vanquished

Notes
Turn   | Place    | Note
-------+----------+-------------------------------------------
     0 | D:1      | Amnesiac the Vampire Berserker began the quest for the Orb.
     0 | D:1      | Reached XP level 1. HP: 17/17 MP: 1/1
    50 | D:1      | Reached XP level 2. HP: 6/23 MP: 2/2
   469 | D:1      | Reached XP level 3. HP: 27/28 MP: 3/3
   663 | D:1      | Reached ** piety under Trog
   948 | D:2      | Reached skill level 5 in Short Blades
  1008 | D:2      | Found a stormy altar of Qazlal.
  1204 | D:2      | Reached XP level 4. HP: 33/34 MP: 4/4
  1214 | D:2      | Found an opulent altar of Gozag.
  1328 | D:2      | Found a faded altar of an unknown god.
  1631 | D:3      | Identified a paperback manual
  2527 | D:3      | Found an ancient bone altar of Kikubaaqudgha.
  2637 | D:4      | Reached XP level 5. HP: 36/39 MP: 5/5
  2666 | D:4      | Noticed a phantom
  2713 | D:4      | Killed a phantom
  2793 | D:4      | Reached XP level 6. HP: 26/46 MP: 6/6
  2843 | D:4      | Reached *** piety under Trog
  3020 | D:4      | Noticed Natasha
  3056 | D:3      | Killed Natasha
  3519 | D:3      | Noticed Natasha
  3525 | D:3      | Killed Natasha
  3879 | D:3      | Found an ancient bone altar of Kikubaaqudgha.
  4237 | D:3      | Noticed Natasha
  4255 | D:3      | Killed Natasha
  4367 | D:4      | Reached XP level 7. HP: 33/51 MP: 7/7
  4424 | D:4      | Got a crude flail
  4699 | D:5      | Entered Level 5 of the Dungeon
  4749 | D:5      | Found a glowing drain.
  4808 | D:5      | Noticed Eustachio
  4828 | Sewer    | Entered a sewer
  5028 | D:5      | Noticed Sigmund
  5142 | D:5      | Reached skill level 5 in Dodging
  5169 | D:5      | Killed Eustachio
  5169 | D:5      | Reached XP level 8. HP: 30/57 MP: 8/8
  5202 | D:5      | Killed Sigmund
  5451 | D:5      | Noticed Duvessa
  5465 | D:5      | Noticed Dowan
  5482 | D:5      | Killed Dowan
  5482 | D:5      | Reached **** piety under Trog
  5487 | D:5      | Killed Duvessa
  5706 | D:5      | Found a bloodstained altar of Trog.
  5706 | D:5      | Found an iron altar of Okawaru.
  5955 | D:6      | Noticed Edmund
  5985 | D:6      | Killed Edmund
  6058 | D:6      | Reached skill level 5 in Fighting
  6206 | D:6      | Found Bulycriq's Armour Shop.
  6214 | D:6      | Bought a scarf of repulsion for 156 gold pieces
  6272 | D:6      | Found Kiaceurr's Magic Scroll Boutique.
  6278 | D:6      | Noticed Grinder
  6305 | D:6      | Killed Grinder
  6305 | D:6      | Reached XP level 9. HP: 43/69 MP: 9/9
  6320 | D:6      | You fall into a shaft and drop 1 floor!
  6426 | D:7      | Reached skill level 1 in Evocations
  6473 | D:7      | Noticed Pikel
  6505 | D:7      | Killed Pikel
  6572 | D:7      | Found a staircase to the Ecumenical Temple.
  6595 | Temple   | Entered the Ecumenical Temple
  6885 | D:7      | Noticed a two-headed ogre
  6990 | D:6      | Bought a scroll of fear for 38 gold pieces
  7116 | D:6      | Found Zugrut's Armour Emporium.
  7597 | D:7      | Killed a two-headed ogre
  7597 | D:7      | Reached skill level 1 in Throwing
  7597 | D:7      | Reached skill level 5 in Armour
  7737 | D:7      | Reached XP level 10. HP: 68/76 MP: 13/13
  8306 | D:7      | Noticed Prince Ribbit
  8328 | D:7      | Killed Prince Ribbit
  8439 | D:7      | Found a runed translucent door.
  8440 | D:7      | Noticed Crazy Yiuf
  8447 | D:7      | Killed Crazy Yiuf
  8927 | D:8      | Reached ***** piety under Trog
  9006 | D:8      | Received a gift from Trog
  9086 | D:8      | Found Meudeq's Weapon Shop.
  9090 | D:8      | Bought 7 curare-tipped darts for 54 gold pieces
  9737 | D:9      | Found a glowing golden altar of the Shining One.
  9838 | D:9      | Found a white marble altar of Elyvilon.
 10194 | D:9      | Found a staircase to the Lair.
 10447 | D:9      | Reached skill level 5 in Throwing
 10538 | D:10     | Entered Level 10 of the Dungeon
 10698 | D:10     | Found a staircase to the Orcish Mines.
 10708 | Orc:1    | Entered Level 1 of the Orcish Mines
 10708 | Orc:1    | Found a burning altar of Makhleb.
 10815 | D:10     | Noticed Snorg
 10832 | D:10     | Killed Snorg
 10832 | D:10     | Reached XP level 11. HP: 61/81 MP: 14/14
 11007 | D:10     | Noticed a centaur warrior
 11052 | D:10     | HP: 4/81 [centaur warrior (12)]
 11055 | D:10     | Killed a centaur warrior
 11268 | D:10     | Received a gift from Trog
 11383 | D:10     | Reached skill level 5 in Evocations
 11430 | D:10     | Noticed Erolcha
 11447 | D:10     | Killed Erolcha
 11783 | D:11     | Noticed a two-headed ogre
 11796 | D:11     | Killed a two-headed ogre
 11981 | D:11     | Received a gift from Trog
 11981 | D:11     | Reached skill level 2 in Stealth
 11996 | D:11     | Reached skill level 3 in Stealth
 12012 | D:11     | Found a flagged portal.
 12032 | Bailey   | Entered a bailey
 12116 | Bailey   | Reached ****** piety under Trog
 12132 | Bailey   | Noticed an orc knight
 12143 | Bailey   | Killed an orc knight
 12143 | Bailey   | Reached skill level 4 in Stealth
 12156 | Bailey   | Got an emerald-encrusted chain mail
 12194 | Bailey   | Reached skill level 5 in Stealth
 12241 | Bailey   | Found an iron altar of Okawaru.
 12396 | D:11     | Identified the +1 chain mail of Oxou {*Drain rPois rN+
                  | Regen+} (You found it in a bailey)
 12561 | D:12     | Noticed an unseen horror
 12571 | D:12     | Killed an unseen horror
 12571 | D:12     | Reached skill level 7 in Stealth
 12635 | D:12     | Reached skill level 8 in Stealth
 12656 | D:12     | Noticed a two-headed hydra
 12664 | D:12     | Killed a two-headed hydra
 12664 | D:12     | Reached XP level 12. HP: 88/88 MP: 15/15
 12896 | D:11     | Reached skill level 10 in Dodging
 12938 | D:11     | Reached skill level 9 in Stealth
 13215 | D:11     | Received a gift from Trog
 13376 | D:6      | Bought a +1 ring mail of cold resistance for 208 gold
                  | pieces
 13508 | Lair:1   | Entered Level 1 of the Lair of Beasts
 13580 | Lair:1   | Reached skill level 10 in Stealth
 13993 | Lair:1   | Reached skill level 11 in Stealth
 14527 | Lair:2   | Noticed an eight-headed hydra
 14536 | Lair:2   | Killed an eight-headed hydra
 14756 | Lair:2   | Reached skill level 12 in Stealth
 15424 | Lair:3   | Noticed a queen ant
 15451 | Lair:3   | Killed a queen ant
 15682 | Lair:3   | Reached XP level 13. HP: 87/93 MP: 16/16
 15689 | Lair:3   | Received a gift from Trog
 15907 | Lair:3   | Received a gift from Trog
 16575 | Lair:4   | Reached skill level 13 in Stealth
 16767 | Lair:4   | Found a hole to the Spider Nest.
 16798 | Lair:4   | Found a runed translucent door.
 16798 | Lair:4   | Found a shimmering altar of Xom.
 16798 | Lair:4   | Noticed tasslehoff345's ghost (journeyman DsGl)
 17260 | Lair:4   | Found a staircase to the Swamp.
 17375 | Lair:3   | Killed tasslehoff345's ghost
 17375 | Lair:3   | Reached skill level 14 in Stealth
 17629 | Lair:5   | Reached skill level 15 in Stealth
 17831 | Lair:5   | Found a stormy altar of Qazlal.
 18043 | Lair:5   | Reached skill level 16 in Stealth
 18084 | Lair:5   | Found a staircase to the Slime Pits.
 18084 | Lair:5   | Found a viscous altar of Jiyva.
 18559 | Lair:6   | Entered Level 6 of the Lair of Beasts
 18762 | Lair:6   | Reached skill level 17 in Stealth
 18764 | Lair:6   | HP: 3/93 [spiny frog (11)]
 18765 | Lair:6   | Mangled by a spiny frog

Levels and vault maps discovered:
D:1:      tarquinn_simple_flora_water_b, layout_loops_ring, serial_bayou_lake_a
D:2:      layout_loops_corners, marbit_many_paths, old_standard_altar,
          chequers_ecumenical_altar_twisty
D:3:      layout_basic, lemuel_zombie_altar_kikubaaqudgha
D:4:      layout_rooms, uniq_natasha
D:5:      layout_rooms, grunt_temple_overflow_bloody_war, portal_sewer_entry_a,
          first_ration, minmay_misc_feat_pillars, uniq_eustachio, uniq_duvessa,
          uniq_sigmund
D:6:      layout_basic, serial_shops, shop_statue,
          nicolae_shop_temple_entry_statues_fountains, shop,
          minmay_tree_intersection, hangedman_decor_opposing, uniq_grinder,
          uniq_edmund
D:7:      layout_gridville, minmay_temple_entry_statues_fountains, uniq_pikel,
          uniq_crazy_yiuf_cottage, uniq_prince_ribbit1
D:8:      layout_loops_ring, serial_shops, shop
D:9:      layout_roguey, nicolae_tso_besieged_by_evil, lemuel_doored_altar,
          erik_lair_orcish_takeover, nicolae_straight_to_the_point
D:10:     layout_roguey, orc_0_dummy, uniq_snorg, uniq_erolcha
D:11:     layout_roguey [special_room_orc], enter_bailey_3
D:12:     layout_gridville, hangedman_ranch [blue_anna_fruit_fields]
Temple:   regret_index_temple_generic_petals
Lair:1:   dpeg_oklob_gauntlet, layout_gridlike, grunt_megastairs_4,
          infiniplex_staircase_pool
Lair:2:   layout_hall_layers, beast_lair_carwin_10, lemuel_fruit_fields
Lair:3:   layout_cave_shapes, serial_rivers, chequers_serial_rivers_large_a,
          chequers_serial_rivers_micro_d, chequers_serial_rivers_micro_c,
          chequers_serial_rivers_room_a, zaba_anthell, lemuel_fruit_tree
Lair:4:   layout_misc_corridors, minmay_swamp_entry_worms, dummy_spider_entry,
          ebering_ghost_xom, grunt_forest_small_clearings
Lair:5:   layout_regular_city, slime_altar_1, basic_altar, grunt_megastairs_2,
          infiniplex_staircase_pool_2, lemuel_fruit_fields
Lair:6:   minmay_lair_end_frog_pond, layout_regular_city
Orc:1:    layout_caves, serial_shops, shop_statue, basic_altar,
          minmay_orc_treasury

Skill      XL: |  1  2  3  4  5  6  7  8  9 10 11 12 13 |
---------------+----------------------------------------+-----
Short Blades   | 4 5 6 7 8 |  8.0
Armour         | 3 5 8 |  8.0
Dodging        | 6 8 9 13 14 | 14.0
Fighting       | 6 |  6.0
Evocations     | 4 5 |  5.0
Throwing       | 1 6 8 |  8.0
Stealth        | 8 12 17 | 17.0

Action                   |  1- 3 |  4- 6 |  7- 9 | 10-12 | 13-15 || total
-------------------------+-------+-------+-------+-------+-------++-------
Melee: Short sword       |   135 |    16 |       |   474 |   609 ||  1234
       Bite              |    15 |    31 |    74 |   229 |    98 ||   447
       Dagger            |       |   254 |   632 |  1202 |       ||  2088
Throw: Dart              |       |       |     5 |     8 |    26 ||    39
       Boomerang         |       |       |       |    20 |       ||    20
       Throwing net      |       |       |       |     3 |       ||     3
Invok: Berserk           |       |       |     5 |    15 |     2 ||    22
       Trog's Hand       |       |       |     1 |     1 |     1 ||     3
Evoke: Wand              |       |       |       |     5 |       ||     5
  Use: Scroll            |     3 |       |    12 |     5 |     2 ||    22
       Potion            |       |       |     6 |     2 |       ||     8
 Stab: Invisible         |       |       |     3 |       |     6 ||     9
       Distracted        |       |       |     2 |     1 |     2 ||     5
       Held in net/web   |       |       |       |     2 |       ||     2
       Sleeping          |       |       |       |    21 |    11 ||    32
Armor: Animal skin       |    20 |       |       |       |       ||    20
       Ring mail         |    14 |    46 |    97 |   312 |    97 ||   566
       Chain mail        |       |       |       |       |    37 ||    37
Dodge: Dodged            |    86 |    57 |   243 |   939 |   415 ||  1740
       Deflected         |       |       |     2 |    43 |       ||    45

Table legend:
 A = Non-vault XP
 B = Vault XP
 C = Vault XP percentage of total XP
 D = Non-vault monster count
 E = Vault monster count
 F = Vault count percentage of total count
                 A         B        C        D         E       F
            +---------+---------+-------+---------+---------+-------
      Total |   41168 |   18099 |  30.5 |     347 |     156 |  31.0
            +---------+---------+-------+---------+---------+-------
        D:1 |      54 |       0 |   0.0 |      26 |       0 |   0.0
        D:2 |      44 |       7 |  13.7 |      11 |       1 |   8.3
        D:3 |     137 |      38 |  21.7 |      14 |       3 |  17.6
        D:4 |     607 |       3 |   0.5 |      25 |       2 |   7.4
        D:5 |     615 |     680 |  52.5 |      13 |       8 |  38.1
        D:6 |     760 |     430 |  36.1 |      23 |       2 |   8.0
        D:7 |    2448 |     978 |  28.5 |      27 |       3 |  10.0
        D:8 |    1473 |       0 |   0.0 |      24 |       0 |   0.0
        D:9 |    1183 |     590 |  33.3 |      22 |      22 |  50.0
       D:10 |    3729 |    2133 |  36.4 |      38 |       2 |   5.0
       D:11 |    4546 |    1098 |  19.5 |      28 |      22 |  44.0
       D:12 |     924 |    2294 |  71.3 |       3 |       9 |  75.0
     Lair:1 |    5770 |     292 |   4.8 |      28 |       2 |   6.7
     Lair:2 |    2688 |    1269 |  32.1 |       7 |       9 |  56.2
     Lair:3 |     650 |    5095 |  88.7 |       4 |      41 |  91.1
     Lair:4 |    6719 |     886 |  11.7 |      25 |       4 |  13.8
     Lair:5 |    6322 |     306 |   4.6 |      23 |       1 |   4.2
     Lair:6 |    2499 |     992 |  28.4 |       6 |       3 |  33.3
      Sewer |       0 |     109 | 100.0 |       0 |       6 | 100.0
     Bailey |       0 |     899 | 100.0 |       0 |      16 | 100.0
            +---------+---------+-------+---------+---------+-------
